 Dungeon Crawl Stone Soup version 0.31-a0-506-g3d79149578 (webtiles) character file.

Game seed: 9278349076365739736

1564 MacCMillion the Grappler (level 8, -9/70 (74) HPs)
             Began as a Troll Shapeshifter on Aug 9, 2023.
             Mangled by a wight
             ... wielding a +4 short sword
              (11 damage)
             ... on level 6 of the Dungeon.
             The game lasted 00:06:42 (4510 turns).

MacCMillion the Grappler (Troll Shapeshifter)       Turns: 4510, Time: 00:06:42

HP:   -9/70 (74)    AC:  4    Str: 26    XL:     8   Next: 58%
MP:   7/7           EV:  9    Int:  4    God:
Gold: 213           SH:  0    Dex: 10    Spells: 7/7 levels left

rFire   . .          .
                       - Unarmed
rCold   . . .        (shield currently unavailable)
rNeg    . . .        a - +0 animal skin
rPois   +            (helmet restricted)
rElec   .            (no cloak)
rCorr   .            (gloves unavailable)
SInv    .            (boots unavailable)
Will    .....        (no amulet)
Stlth   +            h - ring of poison resistance
HPRegen 1.11/turn    (no ring)
MPRegen 0.10/turn

%: no passive effects
@: flux-form, glowing, studying Poison Magic, drained
A: glow, contaminating, large, unfitting armour, claws 3, regeneration 1, shaggy
fur 1, tough skin 1
a: Begin Untransformation


You were on level 6 of the Dungeon.
You were something dangerously unstable.
You visited 2 branches of the dungeon, and saw 7 of its levels.

You collected 213 gold pieces.

Inventory:

Missiles
 n - 4 darts of dispersal
 q - 3 poisoned darts
 r - 3 atropa-tipped darts
 z - 5 boomerangs
Armour
 a - a +0 animal skin (worn)
 p - a +2 cloak
 D - a +0 kite shield
Jewellery
 h - a ring of poison resistance (left claw)
 B - a ring of see invisible
Talismans
 c - a beast talisman
 d - a flux talisman (active)
Wands
 w - a wand of roots (9)
Scrolls
 e - 3 scrolls of identify {unknown}
 i - 5 scrolls of teleportation {unknown}
 k - a scroll of poison {unknown}
 l - a scroll of fear {unknown}
 m - a scroll of enchant weapon {unknown}
 o - a scroll of enchant armour {unknown}
 x - 2 scrolls of silence {unknown}
 y - 2 scrolls of amnesia {unknown}
 A - a scroll of noise {unknown}
 E - a scroll of revelation {unknown}
Potions
 b - 3 potions of lignification
 f - 3 potions of mutation {unknown}
 g - a potion of attraction {unknown}
 j - a potion of resistance {unknown}
 s - a potion of berserk rage {unknown}
 t - a potion of haste {unknown}
 u - 3 potions of degeneration {unknown}
 v - a potion of curing {unknown}
 C - a potion of enlightenment {unknown}


   Skills:
 + Level 2.3 Fighting
 - Level 1.5 Dodging
 + Level 8.5 Unarmed Combat
 + Level 6.4 Shapeshifting


You had 7 spell levels left.
You didn't know any spells.
Your spell library contained the following spells:

 Spells                   Type           Power      Damage    Failure   Level
 Apportation              Tloc           0%         N/A       50%         1
 Kiss of Death            Conj/Necr      0%         2d5       50%         1
 Magic Dart               Conj           0%         1d3       50%         1
 Necrotise                Necr           0%         1d4       50%         1
 Shock                    Conj/Air       0%         1d3       50%         1
 Summon Small Mammal      Summ           0%         N/A       50%         1
 Call Imp                 Summ           0%         N/A       65%         2
 Cigotuvi's Dreadful Rot  Necr/Pois/Air  0%         N/A       65%         2
 Ignite Poison            Fire/Tmut/Pois 0%         N/A       86%         3
 Mephitic Cloud           Conj/Pois/Air  0%         N/A       86%         3
 Portal Projectile        Hex/Tloc       0%         N/A       86%         3
 Swiftness                Air            0%         N/A       86%         3
 Tukima's Dance           Hex            0%         N/A       86%         3
 Vhi's Electric Charge    Tloc/Air       0%         N/A       86%         3
 Airstrike                Air            0%         2d(0-16)  99%         4
 Iskenderun's Mystic Bla  Conj/Tloc      0%         2d3       99%         4
 Arcjolt                  Conj/Air       0%         1d10      100%        5
 Freezing Cloud           Conj/Ice/Air   0%         6-21      100%        5
 Maxwell's Capacitive Co  Air            0%         ∞         100%        8


Dungeon Overview and Level Annotations

Branches:
Dungeon (6/15)             Temple (1/1) D:5

Altars:
Ashenzari
Cheibriados
Dithmenos
Elyvilon
Fedhas
Gozag
Hepliaklqana
Kikubaaqudgha
Trog
Uskayaw
Vehumet
Xom
Yredelemnul
Zin

Shops:
D:4 *

Annotations:
D:4 2 transporters


Innate Abilities, Weirdness & Mutations

You are something dangerously unstable.
You glow with magical radiation, making you easy to see and hit.
Foes you strike become dangerously contaminated with magical radiation.
You are incapable of wielding weapons or throwing items.
You are too large for most types of armour.
You have claws for hands.
Your natural rate of healing is unusually fast.
You are covered in fur. (AC +1)
You have tough skin. (AC +1)


Message History

You destroy the wight!
A wight comes into view. It is wielding a +4 short sword.
Your life force feels restored.
You claw the wight!
The wight begins to glow.
The wight is severely damaged.
The wight hits you with a +3 hand axe!
You feel drained.
You barely miss the wight.
The wight is severely damaged.
The wight hits you with a +3 hand axe. The wight barely misses you.
The wight attacks as you move away!
The wight hits you with a +0 short sword.
You feel drained.
Things that are here:
a +0 dagger; a +0 robe You closely miss the wight.
You scratch the wight.
You destroy the wight!
The wight hits you with a +0 short sword.
You feel drained.
You claw the wight!
The wight begins to glow.
The wight is heavily damaged.
You barely miss the wight.
The wight is heavily damaged.
The wight closely misses you.
The wight hits you with a +4 short sword!
You scratch the wight.
The wight glows dangerously bright.
The wight is almost destroyed.
The wight hits you with a +0 short sword.
* * * LOW HITPOINT WARNING * * *
The wight hits you with a +4 short sword!
* * * LOW HITPOINT WARNING * * *
The wight hits you with a +0 mace.
* * * LOW HITPOINT WARNING * * *
The wight hits you with a +0 short sword.
* * * LOW HITPOINT WARNING * * *
You feel drained.
Items here: ))) [[[ †.
You barely miss the wight.
The wight hits you with a +4 short sword!
You die...

#..#.###................
.............#†.......
########<#......##..<.)...
#..#..##.##.....###.......
#_.'...## #.....###.......
#..#....###.....##.<......
####.....###.##...........
#..#.⌠.⌠z#...##...#.......
#_....⌠.)Bz..##.....##....
#..#.⌠.⌠z#.........##..###
####.....#.........)..##
#....##..##....#####
.....##...##....#
#..#..###....)....#
#######......##...#
#....##...#######
#####.........#


You could see 3 wights.

Vanquished Creatures
  Grinder (D:4)
  A water moccasin (D:4)
  An orc warrior (D:5)
  A black bear (D:6)
  A phantom (D:4)
  2 scorpions
  2 wights (D:6)
  A howler monkey (D:6)
  2 jellies
  An orc priest (D:6)
  3 hounds
  A sleepcap (D:5)
  Jessica (D:3)
  An iguana (D:6)
  8 orc wizards (D:6)
  10 adders
  7 gnolls
  A shadow imp (D:5)
  A white imp (D:3)
  2 ufetubi
  2 worms
  4 dart slugs
  18 orcs
  8 ball pythons
  5 endoplasms
  4 giant cockroaches
  3 goblins
  8 hobgoblins
  3 jackals (D:2)
  4 quokkas
  3 bats
  14 frilled lizards
  A kobold (D:1)
  4 rats (D:3)
129 creatures vanquished.

Notes
Turn   | Place    | Note
-------+----------+-------------------------------------------
     0 | D:1      | MacCMillion the Troll Shapeshifter began the quest for the
                  | Orb.
     0 | D:1      | Reached XP level 1. HP: 18/18 MP: 0/0
   259 | D:1      | Reached XP level 2. HP: 26/26 MP: 1/1
   262 | D:1      | Found a faded altar of an unknown god.
   699 | D:1      | Reached skill level 4 in Unarmed Combat
   806 | D:2      | Reached XP level 3. HP: 32/32 MP: 2/2
  1430 | D:3      | Reached skill level 5 in Unarmed Combat
  1430 | D:3      | Reached XP level 4. HP: 40/40 MP: 3/3
  1695 | D:3      | Noticed Jessica
  1702 | D:3      | Killed Jessica
  2086 | D:4      | Reached XP level 5. HP: 46/46 MP: 4/4
  2093 | D:4      | Noticed Grinder
  2094 | D:4      | Paralysed by Grinder for 4 turns
  2408 | D:4      | Paralysed by Grinder for 4 turns
  2416 | D:4      | Reached skill level 6 in Unarmed Combat
  2425 | D:4      | Killed Grinder
  2426 | D:4      | Reached skill level 7 in Unarmed Combat
  2426 | D:4      | Reached XP level 6. HP: 32/54 MP: 5/5
  2629 | D:4      | Found a transporter.
  2662 | D:4      | Found a transporter.
  2662 | D:4      | Found Otampib's Assorted Antiques.
  3002 | D:5      | Entered Level 5 of the Dungeon
  3052 | D:5      | Reached skill level 8 in Unarmed Combat
  3052 | D:5      | Reached XP level 7. HP: 42/61 MP: 6/6
  3251 | D:5      | Found a staircase to the Ecumenical Temple.
  3357 | Temple   | Entered the Ecumenical Temple
  3540 | D:5      | Reached skill level 5 in Shapeshifting
  4133 | D:6      | Reached XP level 8. HP: 66/68 MP: 7/7
  4306 | D:6      | Reached skill level 1 in Fighting
  4439 | D:6      | Found an ancient bone altar of Kikubaaqudgha.
  4472 | D:6      | Found a radiant altar of Vehumet.
  4479 | D:6      | Got Vehumet's Codex of Blows
  4509 | D:6      | HP: 1/71 [wight/+0 short sword (6)]
  4510 | D:6      | Mangled by a wight

Illustrated notes

Levels and vault maps discovered:
D:1:      amcnicky_arrival_choice, layout_loops_ring,
          ebering_ecumenical_altar_petrified, solitary_fountain,
          serial_bayou_pond_d, minmay_lizard_pond
D:2:      layout_loops_cross, hangedman_abyss_or_decor_stabs
D:3:      layout_loops_ring, st_stairs_12, uniq_jessica
D:4:      layout_rooms, serial_shops, nicolae_shop_drivethru,
          minmay_crystal_room, roderic_roman_lattice, uniq_grinder
D:5:      layout_basic, minmay_temple_entry_fiery,
          chequers_serial_rivers_large_b, minmay_manual_maat
D:6:      layout_rooms, palyth_temple_overflow_mages, minmay_pentangle
Temple:   minmay_temple_bridge_abc

Skill      XL: |  1  2  3  4  5  6  7  8 |
---------------+-------------------------+-----
Unarmed Combat | 4 5 7 8 |  8.5
Shapeshifting  | 5 6 |  6.4
Fighting       | 2 |  2.3
Dodging        | |  1.5

Action                     |  1- 3 |  4- 6 |  7- 9 || total
---------------------------+-------+-------+-------++-------
  Melee: Unarmed           |    84 |    97 |   128 ||   309
         Punch             |     1 |     2 |     6 ||     9
   Stab: Sleeping          |     1 |       |       ||     1
 Armour: Animal skin       |    33 |    20 |    30 ||    83
  Dodge: Dodged            |    35 |    33 |    40 ||   108
   Form: Flux              |       |       |     1 ||     1

Table legend: (Time is in decaauts)
 A = Elapsed time spent in this place.
 B = Non-inter-level travel time spent in this place.
 C = Inter-level travel time spent in this place.
 D = Time resting spent in this place.
 E = Time spent auto-exploring this place.
 F = Levels seen in this place.
 G = Mean time per level.
                   A        B        C        D        E       F      G
               +--------+--------+--------+--------+--------+-----+--------+
         Total |   4476 |   4289 |    187 |    821 |   2689 |   7 |  639.4 |
       Dungeon |   4448 |   4274 |    174 |    821 |   2689 |   6 |  741.3 |
        Temple |     27 |     14 |     13 |      0 |      0 |   1 |   27.0 |
               +--------+--------+--------+--------+--------+-----+--------+

Top non-repeatable levels by time:
     D:5: 1024 daAuts
     D:3: 957 daAuts
     D:1: 727 daAuts
     D:2: 688 daAuts
     D:4: 663 daAuts
     D:6: 386 daAuts
  Temple: 27 daAuts
